 Dungeon Crawl Stone Soup version 0.28-a0-167-g7eff39e849 (webtiles) character file.

Game seed: 7256554473977732133

47798 Nattfarinn the Protected (level 14, -17/103 HPs)
             Began as a Djinni Venom Mage on Aug 16, 2021.
             Was a High Priest of Makhleb.
             Demolished by a dire elephant (24 damage)
             ... on level 6 of the Lair of Beasts.
             The game lasted 00:56:45 (20571 turns).

Nattfarinn the Protected (Djinni Venom Mage)       Turns: 20571, Time: 00:56:45

Health: -17/103    AC: 11    Str:  6 (7)  XL:     14   Next: 83%
Gold:   940        EV: 21    Int: 22 (23) God:    Makhleb [*****.] SH:  7 Dex: 18

rFire   + + .      SeeInvis .   t - +9 mace (spect)
rCold   + . .      Faith    .   d - +2 buckler
rNeg    . . .      Spirit   .   M - +2 troll leather armour
rPois   ∞          Reflect  .   I - +2 helmet
rElec   .          Harm     .   L - scarf {rC+ rF+}
rCorr   .          Rampage  .   (no gloves)
Will    +....                   (boots unavailable)
Stlth   ++........              (no amulet)
HPRegen 1.27/turn               f - +4 ring of evasion
MPRegen 0.00/turn               U - ring "Palaliqu" {Ice Drain Dex+5}

@: unable to read, flying
A: sickness immunity, fire resistance 2, cold vulnerability 1, float, innate
caster, hp casting, extra vitality 1, subdued magic 1, inability to read while
threatened, noise suppression
a: Renounce Religion, Minor Destruction, Lesser Servant of Makhleb, Major
Destruction, Greater Servant of Makhleb


You were on level 6 of the Lair of Beasts.
You worshipped Makhleb.
Makhleb was extremely pleased with you.
You visited 3 branches of the dungeon, and saw 18 of its levels.
You also visited: Bailey and Gauntlet.

You collected 1150 gold pieces.
You spent 210 gold pieces at shops.

Inventory:

Hand Weapons
 j - a +0 dagger
 r - the +10 eveningstar of Proximity {freeze, Str+2}
   (You acquired it on level 3 of the Lair of Beasts)

   It freezes those it strikes, dealing additional cold damage.
   It can also slow down cold-blooded creatures.
   Str:       It affects your strength (+2).
 t - a +9 spectral mace (weapon)
Armour
 d - a +2 buckler (worn)
 I - a +2 helmet (worn)
 L - a scarf of resistance (worn)
 M - a +2 troll leather armour (worn)
Jewellery
 f - a +4 ring of evasion (left hand)
 k - a +6 ring of strength
 q - a +4 ring of evasion
 B - a ring of wizardry
 O - an amulet of faith
 U - the ring "Palaliqu" (right hand) {Ice Drain Dex+5}
   (You found it in a Gauntlet)

   [ring of ice]

   It enhances your ice magic.
   Dex:       It affects your dexterity (+5).
   rF:        It makes you vulnerable to fire.
   rC:        It protects you from cold.
   Drain:     It drains your maximum health when unequipped.
Wands
 c - a wand of iceblast (13)
 u - a wand of flame (48)
 w - a wand of paralysis (18)
 x - a wand of polymorph (12)
 J - a wand of mindburst (31)
 R - a wand of digging (10)
 S - a wand of acid (3)
 T - a wand of charming (3)
Scrolls
 b - 4 scrolls of fog
 e - 8 scrolls of teleportation
 l - a scroll of summoning
 m - a scroll of vulnerability
 o - 5 scrolls of blinking
 s - a scroll of torment
 y - 2 scrolls of silence
 A - 2 scrolls of immolation
 D - 4 scrolls of fear
 G - a scroll of holy word
 N - a scroll of brand weapon
 Q - a scroll of enchant weapon
 V - a scroll of enchant armour
Potions
 a - a potion of berserk rage
 g - 3 potions of lignification
 h - 3 potions of cancellation
 i - 5 potions of heal wounds
 p - 11 potions of curing
 E - a potion of ambrosia
 F - 2 potions of haste
 K - 4 potions of attraction
 P - 3 potions of resistance
Miscellaneous
 W - a condenser vane


   Skills:
 * Level 10.6 Fighting
 - Level 10.0 Maces & Flails
 - Level 11.9 Armour
 - Level 9.7 Dodging
 - Level 1.5 Stealth
 - Level 4.0 Shields
 + Level 9.5 Spellcasting


You had 4 spell levels left.
You knew the following spells:

 Your Spells              Type           Power      Damage    Failure   Level
a - Sting                 Tmut/Pois      100%       1d8       1%          1
b - Poisonous Vapours     Pois/Air       80%        N/A       1%          2
c - Mephitic Cloud        Conj/Pois/Air  40%        N/A       1%          3
d - Olgreb's Toxic Radia  Pois           40%        N/A       1%          4
e - Animate Skeleton      Necr           80%        N/A       1%          1
f - Slow                  Hex            40%        N/A       1%          2
g - Call Imp              Summ           40%        N/A       1%          2
h - Fulminant Prism       Conj/Hex       20%        3d13      1%          4
i - Iskenderun's Mystic   Conj/Tloc      40%        2d9       1%          4
j - Metabolic Englaciati  Hex/Ice        28%        N/A       3%          5
Your spell library was empty.

Dungeon Overview and Level Annotations

Branches:
Dungeon (11/15)            Temple (1/1) D:7            Lair (6/6) D:11
 Shoals (0/4) Lair:2       Spider (0/4) Lair:2        Slime (0/5) Lair:5
    Orc (0/2) D:11         Bailey (visited)         Gauntlet (visited)

Altars:
Ashenzari
Cheibriados
Dithmenos
Elyvilon
Fedhas
Gozag
Hepliaklqana
Kikubaaqudgha
Makhleb
Nemelex Xobeh
Okawaru
Qazlal
Ru
Sif Muna
Trog
Uskayaw
Vehumet
Wu Jian
Xom
Yredelemnul
Zin
The Shining One
Jiyva

Shops:
D:8 *[   D:11 (

Portals:
Abyss: D:6

Annotations:
D:6 2 transporters, FollowTheCloud's ghost, novice DECj
D:7 1 runed translucent door, Crazy Yiuf


Innate Abilities, Weirdness & Mutations

You are immune to sickness and miasma.
You are immune to poison.
Your flesh is very heat resistant. (rF++)
You are vulnerable to cold. (rC-)
You float through the air rather than walking.
You learn spells naturally, not from books.
Your magical power is your life essence.
You have superior vitality. (+4 HP)
Your spells are a little easier to cast, but a little less powerful.
You sometimes lose the ability to read scrolls when taking damage.
You passively dampen the noise of your surroundings.


Message History

Confirm with . or Enter, or press ? or * to list all spells.
You erupt in a blast of force!
The mystic blast hits the dire elephant.
The dire elephant is heavily wounded.
The mystic blast hits the dire elephant but does no damage.
The dire elephant is moderately wounded.
The dire elephant completely misses you.
The dire elephant trunk-slaps you but does no damage.
Casting: Iskenderun's Mystic Blast (mildly dangerous; 1% risk of failure)
Confirm with . or Enter, or press ? or * to list all spells.
You erupt in a blast of force!
The mystic blast hits the dire elephant but does no damage.
The dire elephant is moderately wounded.
The mystic blast hits the dire elephant!
The dire elephant is heavily wounded.
The dire elephant tramples you!!
You hold your ground!
The dire elephant barely misses you.
The dire elephant completely misses you. x2
Unknown command.
Unknown command.
You cannot read scrolls in your current state!
The dire elephant looks more healthy.
Found 9 stones.
The dire elephant misses you.
The dire elephant completely misses you.
You can read scrolls again.
The dire elephant looks more healthy.
Okay, then.
Casting: Iskenderun's Mystic Blast (mildly dangerous; 1% risk of failure)
Confirm with . or Enter, or press ? or * to list all spells.
You begin to radiate toxic energy.
The dire elephant is poisoned. x2
The dire elephant looks even sicker.
The dire elephant tramples you!!
You feel threatened and lose the ability to read scrolls!
You are shoved backwards!
The dire elephant tramples you!!
* * * LOW HITPOINT WARNING * * *
You hold your ground!
The dire elephant trunk-slaps you but does no damage.
Your toxic aura wanes.
The dire elephant tramples you!!
You die...

#♣♣♣## ### ##♣P...#
##.#######♣P......
#.................
##.................
#Y#................
#.Y................
##@................
#..................
##..(..............
#P................
##........ #......
#P..P. ...PP


You could see 2 dire elephants.

Vanquished Creatures
  Nessos (Lair:4)
  A minotaur (Gauntlet)
  Josephine (D:10)
  9 hydras
  3 boulder beetles
  2 two-headed ogres
  3 orc knights (Bailey)
  Pikel (D:4)
  2 lindwurms (Lair:3)
  An oklob plant (Lair:5)
  2 worldbinders (Gauntlet)
  A cyclops (D:11)
  A wolf spider (Lair:2)
  8 elephants
  An unseen horror (D:11)
  8 cane toads
  4 komodo dragons
  2 rime drakes
  3 jumping spiders (Lair:2)
  An ice devil (Gauntlet)
  4 polar bears
  A troll (D:10)
  8 blink frogs
  4 dream sheep (Lair:5)
  A meliai zombie (D:11)
  A redback (Lair:2)
  4 wyverns
  4 fire bats (D:11)
  4 wraiths
  A neqoxec (Gauntlet)
  A steam dragon (D:8)
  3 chaos spawn (Gauntlet)
  59 yaks
  5 basilisks
  A death yak simulacrum (Lair:6)
  Menkaure (D:4)
  2 acid dragons
  12 water moccasins
  A hell hound (D:11)
  2 sky beasts (D:7)
  15 orc warriors
  2 black bears
  A necrophage (D:8)
  3 boggarts (Gauntlet)
  7 wolves
  12 centaurs
  2 lemures (D:4)
  A phantom (D:7)
  Blork the orc (D:5)
  10 bullfrogs
  A kobold brigand (D:6)
  A scorpion (D:4)
  16 killer bees
  4 electric eels
  8 howler monkeys
  A centaur zombie (D:10)
  2 lava snakes (D:11)
  A bullfrog skeleton (D:6)
  6 orc priests
  4 hounds
  Ijyb (D:4)
  3 iguanas
  9 orc wizards
  A killer bee zombie (D:7)
  A hound skeleton (D:4)
  A gnoll (D:1)
  8 adders
  A howler monkey skeleton (D:7)
  2 shadow imps
  4 white imps (Gauntlet)
  3 ufetubi
  41 orcs
  8 ball pythons
  4 endoplasms
  2 giant cockroaches (D:2)
  6 hobgoblins
  4 jackals (D:1)
  8 quokkas
  3 bats
  3 frilled lizards
  3 goblins
  13 kobolds
  A quokka skeleton (D:4)
  5 rats
  2 fire vortices (D:11)
409 creatures vanquished.

Vanquished Creatures (others)
  4 demonic plants (Gauntlet)
  A fire vortex (D:11)
  26 fulminant prisms
  14 fungi
  11 plants
  2 withered plants (Lair:6)
58 creatures vanquished.

Grand Total: 467 creatures vanquished

Notes
Turn   | Place    | Note
-------+----------+-------------------------------------------
     0 | D:1      | Nattfarinn the Djinni Venom Mage began the quest for the
                  | Orb.
     0 | D:1      | Reached XP level 1. HP: 15/15 MP: 0/0
   387 | D:1      | Reached skill level 1 in Fighting
   584 | D:1      | Reached XP level 2. HP: 21/22 MP: 0/0
  1288 | D:1      | Reached XP level 3. HP: 27/28 MP: 0/0
  1288 | D:1      | Learned a level 1 spell: Animate Skeleton
  1516 | D:1      | Reached skill level 1 in Shields
  1785 | D:1      | Found a faded altar of an unknown god.
  1934 | D:2      | Reached XP level 4. HP: 26/33 MP: 0/0
  2780 | D:3      | Found a glowing golden altar of the Shining One.
  3882 | D:4      | Noticed a lemure
  3882 | D:4      | Noticed a lemure
  3882 | D:4      | Noticed a scorpion
  3892 | D:4      | Killed a scorpion
  3893 | D:4      | Reached XP level 5. HP: 19/38 MP: 0/0
  3893 | D:4      | Learned a level 2 spell: Slow
  4110 | D:4      | Killed a lemure
  4435 | D:4      | Killed a lemure
  4593 | D:4      | Reached XP level 6. HP: 29/43 MP: 0/0
  5138 | D:4      | Noticed Pikel
  5162 | D:4      | Killed Pikel
  5163 | D:4      | Reached XP level 7. HP: 30/51 MP: 0/0
  5163 | D:4      | Learned a level 2 spell: Call Imp
  5305 | D:4      | Noticed Menkaure
  5694 | D:4      | Reached XP level 8. HP: 48/58 MP: 0/0
  5762 | D:4      | Reached skill level 5 in Spellcasting
  5978 | D:4      | Noticed Ijyb
  5997 | D:4      | Killed Ijyb
  6007 | D:4      | Killed Menkaure
  6458 | D:5      | Entered Level 5 of the Dungeon
  6545 | D:5      | Found a broken altar of Ashenzari.
  6730 | D:5      | Noticed a yak
  6893 | D:5      | Noticed a yak
  6893 | D:5      | Noticed a yak
  6893 | D:5      | Noticed a yak
  6895 | D:5      | Noticed a yak
  6903 | D:5      | Killed a yak
  6903 | D:5      | Noticed a yak
  6905 | D:5      | Killed a yak
  6906 | D:5      | Reached skill level 5 in Fighting
  6908 | D:5      | Killed a yak
  6918 | D:5      | Killed a yak
  6919 | D:5      | Reached XP level 9. HP: 25/65 MP: 0/0
  6919 | D:5      | Learned a level 4 spell: Fulminant Prism
  7605 | D:5      | Noticed Blork the orc
  7643 | D:5      | Killed Blork the orc
  7913 | D:6      | Found a transporter.
  7920 | D:6      | Noticed a red ugly thing
  7922 | D:6      | Noticed FollowTheCloud's ghost (novice DECj)
  7923 | D:6      | Found a one-way gate to the infinite horrors of the Abyss.
  8007 | D:6      | Found a transporter.
  8388 | D:6      | Found a large runed translucent door.
  8390 | D:6      | Found a large runed translucent door.
  8802 | D:6      | Found a sparkling altar of Nemelex Xobeh.
  9391 | D:7      | Reached XP level 10. HP: 52/75 MP: 0/0
  9587 | D:7      | Found a staircase to the Ecumenical Temple.
  9602 | Temple   | Entered the Ecumenical Temple
  9784 | Temple   | Became a worshipper of Makhleb the Destroyer
 10148 | D:7      | Found a runed translucent door.
 10149 | D:7      | Noticed Crazy Yiuf
 10301 | D:7      | Found a sacrificial altar of Ru.
 10504 | D:8      | Reached skill level 1 in Maces & Flails
 10985 | D:8      | Found Hulocw's General Store.
 11003 | D:8      | Found Setoreg's Armour Shoppe.
 11119 | D:8      | Bought a scroll of enchant armour for 105 gold pieces
 11119 | D:8      | Bought a scroll of enchant armour for 105 gold pieces
 11877 | D:9      | Found an iron altar of Okawaru.
 12116 | D:9      | Reached skill level 5 in Maces & Flails
 12885 | D:10     | Entered Level 10 of the Dungeon
 12986 | D:10     | Reached * piety under Makhleb
 13016 | D:10     | Noticed Josephine
 13025 | D:10     | Reached XP level 11. HP: 67/79 MP: 0/0
 13025 | D:10     | Learned a level 4 spell: Iskenderun's Mystic Blast
 13035 | D:10     | Killed Josephine
 13421 | D:10     | Noticed a two-headed ogre
 13428 | D:10     | Killed a two-headed ogre
 13931 | D:11     | Found a flagged portal.
 13936 | D:11     | Noticed a cyclops
 13940 | Bailey   | Entered a bailey
 13940 | Bailey   | Noticed an orc knight
 13942 | Bailey   | Noticed an orc knight
 13951 | Bailey   | Killed an orc knight
 13955 | Bailey   | Reached ** piety under Makhleb
 13973 | Bailey   | Killed an orc knight
 13975 | Bailey   | Noticed an orc knight
 13984 | Bailey   | Killed an orc knight
 13985 | Bailey   | Reached skill level 10 in Maces & Flails
 14110 | D:11     | Killed a cyclops
 14111 | D:11     | Reached skill level 1 in Armour
 14147 | D:11     | Found Egijoj's Weapon Emporium.
 14156 | D:11     | Reached XP level 12. HP: 80/85 MP: 0/0
 14171 | D:11     | Found a staircase to the Orcish Mines.
 14179 | D:11     | Reached skill level 2 in Armour
 14279 | D:11     | Reached skill level 3 in Armour
 14331 | D:11     | Found a staircase to the Lair.
 14702 | D:11     | Noticed a two-headed ogre
 14723 | D:11     | Killed a two-headed ogre
 14724 | D:11     | Reached skill level 4 in Armour
 14763 | D:11     | Reached skill level 5 in Armour
 14907 | Lair:1   | Entered Level 1 of the Lair of Beasts
 14915 | Lair:1   | Reached skill level 5 in Dodging
 14918 | Lair:1   | Reached skill level 6 in Armour
 14918 | Lair:1   | Reached *** piety under Makhleb
 14975 | Lair:1   | Noticed a boulder beetle
 14990 | Lair:1   | Killed a boulder beetle
 15042 | Lair:1   | Reached skill level 7 in Armour
 15057 | Lair:1   | Noticed a five-headed hydra
 15069 | Lair:1   | Killed a five-headed hydra
 15252 | Lair:1   | Noticed a four-headed hydra
 15260 | Lair:1   | Killed a four-headed hydra
 15261 | Lair:1   | Reached skill level 8 in Armour
 15261 | Lair:1   | Reached XP level 13. HP: 90/90 MP: 0/0
 15261 | Lair:1   | Learned a level 5 spell: Metabolic Englaciation
 15652 | Lair:2   | Reached skill level 9 in Armour
 15676 | Lair:2   | Noticed an eight-headed hydra
 15694 | Lair:2   | Killed an eight-headed hydra
 15828 | Lair:2   | Found a hole to the Spider Nest.
 16031 | Lair:2   | Reached skill level 10 in Armour
 16036 | Lair:2   | Found a staircase to the Shoals.
 16084 | Lair:2   | Noticed a five-headed hydra
 16097 | Lair:2   | Killed a five-headed hydra
 16661 | Lair:3   | Reached **** piety under Makhleb
 16666 | Lair:3   | Identified a scroll of acquirement
 16673 | Lair:3   | Acquired the +10 eveningstar of Proximity {freeze, Str+2}
 16759 | Lair:3   | Noticed a boulder beetle
 16763 | Lair:3   | Reached skill level 11 in Armour
 16777 | Lair:3   | Killed a boulder beetle
 16870 | Lair:3   | Noticed a four-headed hydra
 16877 | Lair:3   | Killed a four-headed hydra
 16941 | Lair:3   | Noticed a boulder beetle
 16960 | Lair:3   | Killed a boulder beetle
 16961 | Lair:3   | Reached XP level 14. HP: 31/96 MP: 0/0
 17772 | Lair:4   | Noticed Nessos
 17802 | Lair:4   | Killed Nessos
 18366 | Lair:5   | Reached ***** piety under Makhleb
 18381 | Lair:5   | Found a viscous altar of Jiyva.
 18381 | Lair:5   | Found a staircase to the Slime Pits.
 18562 | Lair:5   | Found a gate leading to a gauntlet.
 18572 | Gauntlet | Entered a Gauntlet
 18572 | Gauntlet | Found a transporter.
 18572 | Gauntlet | Found a transporter.
 18572 | Gauntlet | Found a transporter.
 18576 | Gauntlet | Found a transporter.
 18582 | Gauntlet | Found the ring of the Octopus King
 18588 | Gauntlet | Found a transporter.
 18599 | Gauntlet | Found a transporter.
 18605 | Gauntlet | Found a transporter.
 18613 | Gauntlet | Found a transporter.
 18632 | Gauntlet | Found a transporter.
 18640 | Gauntlet | Found a transporter.
 18661 | Gauntlet | Found a transporter.
 18738 | Gauntlet | Found a transporter.
 19210 | Gauntlet | Identified the ring "Palaliqu" {Ice Drain Dex+5}
 19236 | Gauntlet | Gained mutation: You sometimes lose the ability to read
                  | scrolls when taking damage. [a neqoxec]
 19243 | Gauntlet | Gained mutation: Your spells are a little easier to cast,
                  | but a little less powerful. [a neqoxec]
 19249 | Gauntlet | Gained mutation: You passively dampen the noise of your
                  | surroundings. [a neqoxec]
 19253 | Gauntlet | Reached skill level 10 in Fighting
 19263 | Gauntlet | Identified the -6 helmet "Tyownuoh" {rPois Regen+ rCorr
                  | Dex-2}
 19378 | Gauntlet | Noticed a minotaur
 19396 | Gauntlet | Killed a minotaur
 20020 | Lair:5   | Identified the +1 leather armour of the Land of Plenty {Fly
                  | rCorr Int+5 Stlth+}
 20280 | Lair:6   | Entered Level 6 of the Lair of Beasts
 20533 | Lair:6   | Noticed a dire elephant
 20533 | Lair:6   | Noticed a dire elephant
 20533 | Lair:6   | Noticed a dire elephant
 20533 | Lair:6   | Noticed a dire elephant
 20534 | Lair:6   | Noticed a dire elephant
 20571 | Lair:6   | Demolished by a dire elephant

Illustrated notes

Levels and vault maps discovered:
D:1:      dpeg_arrival_shrine, layout_basic, dilly_ecumenical_altar_fadedgnrine
D:2:      layout_loops_ring
D:3:      layout_basic, tso_metal_star
D:4:      layout_loops_ring, minmay_diced_spiral, uniq_ijyb, uniq_menkaure,
          uniq_pikel
D:5:      layout_basic, ashenzari_conservatory_becter, uniq_blork_the_orc
D:6:      layout_loops_corners, jmf_multi_god_temple2,
          gammafunk_ghost_abyssal_escape
D:7:      layout_cave_pods, nicolae_ru_path_of_blood, minmay_temple_entry_wispy,
          uniq_crazy_yiuf_cottage
D:8:      layout_basic, nicolae_wooded_promenade, hangedman_glass_teeth,
          kennysheep_donut
D:9:      layout_gridville, overflow_temple_1_default
D:10:     layout_rooms, uniq_josephine
D:11:     cheibrodos_helix_gallery, layout_stronghold, lair_entry_dummy,
          orc_david_3, enter_bailey_6, hangedman_incinerator
Temple:   nicolae_temple_elliptical
Lair:1:   layout_big_grid, nzn_sisyphean_effort
Lair:2:   layout_cave_pods, shoals_dummy_entry, spider_nest_entry_funnel_web,
          infiniplex_staircase_pool
Lair:3:   layout_hall_layers, infiniplex_staircase_pool_2
Lair:4:   layout_gridlike, grunt_megastairs_4, lemuel_fruit_tree, uniq_nessos
Lair:5:   layout_long_grid, dpeg_slime_entry_enclosed_altar,
          gauntlet_entry_generic
Lair:6:   due_jungle_book, layout_gridlike, lemuel_fruit_fields, uniq_kirke

Skill      XL: |  1  2  3  4  5  6  7  8  9 10 11 12 13 14 |
---------------+-------------------------------------------+-----
Fighting       | 1 3 5 7 10 | 10.6
Shields        | 1 3 4 |  4.0
Spellcasting   | 3 4 6 8 9 |  9.5
Maces & Flails | 6 10 | 10.0
Armour         | 1 8 11 | 11.9
Dodging        | 6 9 |  9.7
Stealth        | |  1.5

Action                   |  1- 3 |  4- 6 |  7- 9 | 10-12 | 13-15 || total
-------------------------+-------+-------+-------+-------+-------++-------
Melee: Dagger            |       |     8 |    24 |       |       ||    32
       Mace              |       |       |    37 |   191 |   306 ||   534
 Cast: Sting             |    58 |    94 |    30 |       |       ||   182
       Animate Skeleton  |     2 |       |       |       |       ||     2
       Poisonous Vapours |       |    18 |    13 |    26 |     5 ||    62
       Slow              |       |     8 |       |     4 |     4 ||    16
       Olgreb's Toxic Ra |       |     2 |    19 |    40 |    28 ||    89
       Call Imp          |       |       |     9 |       |     1 ||    10
       Mephitic Cloud    |       |       |     9 |    14 |     2 ||    25
       Fulminant Prism   |       |       |     1 |    13 |    12 ||    26
       Iskenderun's Myst |       |       |       |    13 |    47 ||    60
       Metabolic Englaci |       |       |       |       |     8 ||     8
Evoke: Wand              |       |       |     6 |       |       ||     6
  Use: Scroll            |       |       |     9 |    11 |    13 ||    33
       Potion            |       |       |       |     1 |     7 ||     8
 Stab: Confused          |       |       |     1 |     1 |     1 ||     3
       Sleeping          |       |       |     1 |       |     1 ||     2
       Distracted        |       |       |       |     2 |     2 ||     4
Armor: Robe              |     3 |     6 |     6 |     2 |       ||    17
       Acid dragon scale |       |       |       |    22 |       ||    22
       Troll leather arm |       |       |       |    25 |    61 ||    86
Dodge: Dodged            |     7 |    39 |    53 |   129 |   230 ||   458
Block: Buckler           |     6 |    18 |    19 |    77 |    98 ||   218

Table legend: (Time is in decaauts)
 A = Elapsed time spent in this place.
 B = Non-inter-level travel time spent in this place.
 C = Inter-level travel time spent in this place.
 D = Time resting spent in this place.
 E = Time spent auto-exploring this place.
 F = Levels seen in this place.
 G = Mean time per level.
                   A        B        C        D        E       F      G
               +--------+--------+--------+--------+--------+-----+--------+
         Total |  20593 |  19785 |    808 |   2289 |  14476 |  20 | 1029.7 |
       Dungeon |  14595 |  14134 |    461 |   2045 |  10508 |  11 | 1326.8 |
        Temple |    194 |    168 |     26 |      0 |    167 |   1 |  194.0 |
          Lair |   4629 |   4308 |    321 |     84 |   3471 |   6 |  771.5 |
        Bailey |    158 |    158 |      0 |      0 |     51 |   1 |  158.0 |
      Gauntlet |   1015 |   1015 |      0 |    160 |    279 |   1 | 1015.0 |
               +--------+--------+--------+--------+--------+-----+--------+

Top non-repeatable levels by time:
     D:4: 2264 daAuts
     D:1: 1812 daAuts
     D:3: 1790 daAuts
     D:9: 1487 daAuts
     D:7: 1486 daAuts
     D:5: 1240 daAuts
     D:8: 1054 daAuts
Gauntlet: 1015 daAuts
  Lair:2: 994 daAuts
     D:6: 982 daAuts
  Lair:5: 923 daAuts
    D:11: 880 daAuts
  Lair:4: 877 daAuts
  Lair:3: 854 daAuts
    D:10: 814 daAuts
